 Dungeon Crawl Stone Soup version 0.18.1-50-g88ac8fd (webtiles) character file.

177 kurovuster the Charmwright (level 5, -4/37 HPs)
             Began as a High Elf Skald on Oct 22, 2016.
             Slain by a centaur (5 damage)
             ... on level 5 of the Dungeon.
             The game lasted 00:15:30 (2989 turns).

kurovuster the Charmwright (High Elf Skald)         Turns: 2989, Time: 00:15:31

Health: -4/37      AC:  4    Str: 11    XL:     5   Next: 30%
Magic:  13/13      EV: 14    Int: 16    God:
Gold:   138        SH:  0    Dex: 15    Spells: 4 memorised, 5 levels left

rFire  . . .     SeeInvis .     h - +0 short sword (venom)
rCold  . . .     Gourm    .     b - +1 leather armour
rNeg   . . .     Faith    .     (no shield)
rPois  .         Spirit   .     (no helmet)
rElec  .         Dismiss  .     (no cloak)
rCorr  .         Reflect  .     (no gloves)
SustAt .         Harm     .     (no boots)
MR     .....                    (no amulet)
Stlth  ++........               (no ring)
                                (no ring)

@: not resistant to hostile enchantments, unstealthy
A: no striking features
a: no special abilities


You were on level 5 of the Dungeon.
You were not hungry.

You visited 1 branch of the dungeon, and saw 5 of its levels.

You collected 138 gold pieces.

Inventory:

Hand Weapons
 a - a +1 short sword
 h - a +0 short sword of venom (weapon)
 r - a +0 whip
Armour
 b - a +1 leather armour (worn)
 k - a +0 ring mail
 t - a +0 robe
 u - a +0 robe
Jewellery
 g - a +2 amulet of reflection {unknown}
 o - an uncursed amulet of faith {unknown}
Scrolls
 e - 2 scrolls of enchant weapon
 x - a scroll of blinking {unknown}
 y - a scroll of remove curse
Potions
 j - a potion of magic {unknown}
 l - 2 potions of curing {unknown}
 m - a potion of haste {unknown}
 n - a potion of lignification {unknown}
 p - a potion of degeneration {unknown}
 q - a potion of cancellation {unknown}
 s - a potion of mutation {unknown}
 v - a potion of brilliance {unknown}
 w - a potion of heal wounds {unknown}
Books
 c - a book of Battle

   Spells                             Type                      Level
   a - Infusion                       Charms                       1
   b - Shroud of Golubria             Charms/Translocation         2
   c - Song of Slaying                Charms                       2
   d - Spectral Weapon                Hexes/Charms                 3
   e - Regeneration                   Charms/Necromancy            3
Comestibles
 d - a bread ration
 f - 2 beef jerkies
 i - a fruit


   Skills:
 + Level 3.7 Fighting
 + Level 5.7 Short Blades
 + Level 2.0 Maces & Flails
 + Level 2.4 Throwing
 + Level 3.1 Armour
 + Level 4.7 Dodging
 + Level 3.1 Stealth
 + Level 2.1 Unarmed Combat
 + Level 5.1 Spellcasting
 + Level 6.3 Charms
 + Level 2.0 Necromancy
 + Level 2.8 Translocations


You had 5 spell levels left.
You knew the following spells:

 Your Spells              Type           Power        Failure   Level  Hunger
a - Infusion              Chrm           ###.         1%          1    None
b - Shroud of Golubria    Chrm/Tloc      ###.......   6%          2    #......
c - Regeneration          Chrm/Necr      ###.......   14%         3    ###....
d - Spectral Weapon       Hex/Chrm       ##......     21%         3    ###....


Dungeon Overview and Level Annotations

Branches:
Dungeon (5/15)             Temple (0/1) D:5

Altars:
Gozag
Makhleb


Message History

The centaur shoots an arrow.
The arrow hits you!
The centaur shoots an arrow.
The arrow hits you.
* * * LOW HITPOINT WARNING * * *
You see here 2 arrows.
The centaur shoots an arrow.
The arrow barely misses you.
You see here an arrow.
The centaur shoots an arrow.
The arrow closely misses you.
The centaur shoots an arrow.
The arrow closely misses you.
Found a staircase to the Ecumenical Temple.
The centaur unwields an uncursed shortbow.
The centaur hits you.
* * * LOW HITPOINT WARNING * * *
You hit the centaur.
The centaur is poisoned.
The centaur is lightly wounded.
The centaur hits you.
* * * LOW HITPOINT WARNING * * *
You hit the centaur.
The centaur looks even sicker.
The centaur is moderately wounded.
The centaur hits you.
You die...

#.........### #.
#.........#.# #.
###########.# #.
#.# #. #.# #. #.#
####. #.#
#....############.#
#c@..((((......#
#......############
#..♣.♣.# #...>..#
#..♣.♣.# #......#
#...#### ####


You could see a centaur.

Vanquished Creatures
  An adder (D:3)
  An ooze (D:2)
  5 worms
  2 dart slugs
  2 giant geckos
  2 orcs (D:3)
  A ball python (D:1)
  4 bats
  2 giant cockroaches
  16 goblins
  9 hobgoblins
  3 giant newts
  7 kobolds
  11 rats
66 creatures vanquished.

Notes
Turn   | Place    | Note
--------------------------------------------------------------
     0 | D:1      | kurovuster the High Elf Skald began the quest for the Orb.
     0 | D:1      | Reached XP level 1. HP: 14/14 MP: 4/4
    75 | D:1      | Reached XP level 2. HP: 17/19 MP: 6/6
   324 | D:1      | Reached skill level 4 in Charms
   347 | D:1      | Reached skill level 1 in Armour
   391 | D:1      | Learned a level 2 spell: Shroud of Golubria
   562 | D:1      | Reached XP level 3. HP: 20/25 MP: 8/8
  1022 | D:2      | Found a burning altar of Makhleb.
  1312 | D:2      | Learned a level 3 spell: Regeneration
  1860 | D:2      | Reached XP level 4. HP: 18/30 MP: 5/9
  2084 | D:2      | Reached skill level 5 in Short Blades
  2084 | D:2      | Reached skill level 5 in Spellcasting
  2084 | D:2      | Reached skill level 6 in Charms
  2084 | D:2      | Reached XP level 5. HP: 15/37 MP: 8/13
  2493 | D:3      | Learned a level 3 spell: Spectral Weapon
  2857 | D:4      | Found an opulent altar of Gozag.
  2888 | D:5      | Entered Level 5 of the Dungeon
  2935 | D:5      | Noticed an ogre
  2982 | D:5      | Noticed a centaur
  2986 | D:5      | Found a staircase to the Ecumenical Temple.
  2988 | D:5      | HP: 1/37 [centaur (2)]
  2989 | D:5      | Slain by a centaur

Skill      XL: |  1  2  3  4 |
---------------+-------------+-----
Charms         | 4 6 |  6.3
Armour         | 1 3 |  3.1
Fighting       | 3 |  3.7
Short Blades   | 5 |  5.7
Maces & Flails | 2 |  2.0
Throwing       | 2 |  2.4
Dodging        | 4 |  4.7
Stealth        | 3 |  3.1
Unarmed Combat | 2 |  2.1
Spellcasting   | 5 |  5.1
Necromancy     | 2 |  2.0
Translocations | 2 |  2.8

Action                   |  1- 3 |  4- 6 || total
-------------------------+-------+-------++-------
Melee: Short sword       |   138 |    73 ||   211
       Punch             |       |     1 ||     1
 Cast: Infusion          |     3 |       ||     3
       Regeneration      |     2 |       ||     2
       Shroud of Golubri |       |     2 ||     2
       Spectral Weapon   |       |     1 ||     1
  Use: Scroll            |     3 |     5 ||     8
       Potion            |       |     1 ||     1
  Eat: Fruit             |     2 |     1 ||     3
       Beef jerky        |       |     1 ||     1
       Bread ration      |       |     1 ||     1
Armor: Leather armour    |    43 |    12 ||    55
Dodge: Dodged            |    82 |    42 ||   124
